Map: Nightscape LE

Players

LEXCHAKRA - Winner!

  • Race: Terran Terran
  • League: Master
  • Spawn Location: 1:00

Ferrari - Winner!

  • Race: Zerg Zerg
  • Spawn Location: 1:00

BigRyann

  • Race: Terran Terran
  • Spawn Location: 7:00

Doubt

  • Race: Zerg Zerg
  • Spawn Location: 7:00

VOD

Have the link to the VOD?

Description

Masters 1 team
ling/bane & hellion

Time

  • Played on: Sept. 12, 2020, 3:47 a.m.
  • Length: 4:36
Show
View Real Time Build Order
Export as new Build Order

LEXCHAKRA Terran - Winner!

Build Orders: 2 Factory, Hellion Opening 

Get SALT Encoding   

  12  0:00  SCV  
  13  0:12  SCV  
  14  0:18  Supply Depot  
  14  0:25  Refinery  
  14  0:27  SCV  
  15  0:42  Barracks  
  15  0:45  SCV  
  16  0:57  SCV  
  17  1:09  SCV  
  18  1:21  SCV  
  19  1:30  Factory  
  19  1:33  Orbital Command  
  19  1:39  Supply Depot  
  19  1:47  Barracks Reactor  
  19  2:00  SCV  
  20  2:07  Command Center  
  20  2:19  SCV  
  21  2:28  Hellion x2  
  25  2:31  Supply Depot, SCV  
  26  2:44  SCV  
  27  2:50  Hellion x2  
  31  2:55  Factory  
  31  3:02  SCV  
  31  3:05  Barracks Tech Lab  
  32  3:11  Hellion x2  
  36  3:17  SCV  
  37  3:20  Orbital Command  
  37  3:45  Cyclone, Hellion x2  
  37  3:48  SCV  
  45  3:49  SCV  
  46  4:06  Hellion x2  
  52  4:32  Starport  
Show
View Real Time Build Order
Export as new Build Order

Ferrari Zerg - Winner!

Build Orders: Hatch First 

Get SALT Encoding   

  12  0:01  Drone  
  13  0:14  Drone  
  14  0:23  Extractor  
  14  0:25  Extractor  
  14  0:26  Evolution Chamber  
  14  0:27  Drone x2  
  13  0:33  Drone  
  17  0:55  Extractor  
  17  0:56  Hatchery  
  15  1:06  Spawning Pool  
  14  1:11  Extractor  
  14  1:12  Drone  
  14  1:17  Overlord  
  15  1:26  Overlord  
  15  1:46  Drone  
  16  1:54  Zergling x4  
  18  1:58  Metabolic Boost  
  18  2:04  Zergling x2  
  18  2:08  Queen  
  19  2:10  Zergling x2  
  19  2:12  Drone  
  23  2:25  Baneling Nest  
  22  2:32  Zergling x4  
  22  2:34  Drone  
  25  2:40  Zergling x2  
  25  2:42  Zergling x2  
  25  2:43  Zergling x2  
  28  3:09  Zergling x8  
  29  3:16  Baneling x2  
  29  3:17  Zergling x4  
  31  3:24  Zergling x4  
  32  3:42  Zergling x2  
  32  3:43  Zergling x2  
  32  3:50  Zergling x2  
  32  3:55  Zergling x8  
  35  3:58  Zergling x2  
  35  4:07  Zergling x2  
  35  4:08  Zergling x2  
  34  4:14  Zergling x2  
Show
View Real Time Build Order
Export as new Build Order

BigRyann Terran 

Build Orders:  

Get SALT Encoding   

  12  0:01  SCV  
  13  0:13  SCV  
  14  0:24  Supply Depot  
  14  0:25  SCV  
  15  0:48  Barracks  
  15  0:54  Barracks  
  15  1:02  Barracks  
  15  1:10  Supply Depot  
  15  1:11  SCV  
  16  1:23  SCV  
  17  1:35  Supply Depot  
  17  1:36  Marine  
  18  1:40  Refinery  
  18  1:41  Marine  
  19  1:49  Marine  
  19  1:54  SCV, Marine  
  20  1:59  Marine  
  23  2:07  Marine  
  24  2:09  SCV  
  24  2:11  Marine  
  26  2:26  Barracks  
  26  2:27  SCV  
  27  2:35  Barracks Tech Lab, Marine  
  27  2:36  Marine  
  29  2:40  SCV  
  30  2:52  Marine  
  30  2:53  SCV  
  31  3:20  Marine x4  
  35  3:34  Barracks  
  35  3:39  Marauder  
  35  3:42  Marine  
  35  3:43  Marine x2  
  31  4:00  Marine x3  
  31  4:01  Marine  
  26  4:18  Marine  
Show
View Real Time Build Order
Export as new Build Order

Doubt Zerg 

Build Orders: Hatch First 

Get SALT Encoding   

  12  0:00  Drone  
  13  0:12  Overlord  
  13  0:16  Drone  
  14  0:31  Drone x2  
  17  0:35  Drone  
  17  0:52  Hatchery  
  17  0:55  Drone  
  17  1:03  Extractor  
  16  1:11  Spawning Pool  
  16  1:15  Drone  
  16  1:17  Drone  
  17  1:22  Drone  
  18  1:29  Drone  
  19  1:39  Drone  
  20  1:49  Overlord  
  20  1:58  Queen  
  22  2:03  Metabolic Boost  
  22  2:05  Drone  
  23  2:21  Drone  
  23  2:22  Drone x2  
  26  2:27  Zergling x2  
  26  2:28  Drone  
  28  2:35  Spine Crawler  
  28  2:36  Queen  
  27  2:44  Lair  
  29  2:51  Evolution Chamber  
  27  2:59  Spine Crawler  
  27  3:03  Zergling x6  
  28  3:08  Spine Crawler  
  27  3:18  Extractor  
  26  3:21  Drone x2  
  26  3:22  Drone x3  
  28  3:54  Spire  
  24  4:09  Zergling x12  
  33  4:10  Zergling x2  
  33  4:17  Spine Crawler  
  24  4:31  Spine Crawler  
Tags
 
Add a new tag
Caveats
  • Supply blocks, unpowered buildings, or Contaminate may cause inaccurate times.
  • Supply counts are checked every 10 seconds.